 Dungeon Crawl Stone Soup version 0.21.1-1-g345015f (webtiles) character file.

581 kae the Insei (level 7, 0/52 HPs)
             Began as a Demonspawn Transmuter on June 12, 2018.
             Slain by a phantom (7 damage)
             ... on level 4 of the Dungeon.
             The game lasted 00:04:58 (5129 turns).

kae the Insei (Demonspawn Transmuter)               Turns: 5129, Time: 00:04:59

Health: 0/52       AC:  6    Str: 10    XL:     7   Next: 14%
Magic:  12/12      EV: 13    Int: 15    God:
Gold:   47         SH:  0    Dex: 15    Spells: 6/12 levels left

rFire    . . .     SeeInvis .     - Unarmed
rCold    + . .     Gourm    .   (no shield)
rNeg     . . .     Faith    .   m - +0 robe {rC+}
rPois    .         Spirit   .   e - +1 hat
rElec    .         Reflect  .   (no cloak)
rCorr    .         Harm     .   (no gloves)
MR       .....                  (no boots)
Stlth    ++........             (no amulet)
HPRegen  0.17/turn              l - ring of stealth
MPRegen  0.13/turn              (no ring)

@: no status effects
A: antennae 1, molten scales 2
a: no special abilities


You were on level 4 of the Dungeon.
You were near starving.

You visited 1 branch of the dungeon, and saw 4 of its levels.
You also visited: Sewer.

You collected 47 gold pieces.

Inventory:

Missiles
 a - 55 arrows
Armour
 b - a +0 robe
 e - a +1 hat (worn)
 m - a +0 robe of cold resistance (worn)
Jewellery
 l - a ring of stealth (left hand)
Scrolls
 f - 3 scrolls of magic mapping
 g - 3 scrolls of remove curse
 i - 2 scrolls of identify
Potions
 h - 3 potions of flight
 k - a potion of heal wounds
 n - 2 potions of curing
 r - 2 potions of lignification
Books
 c - a book of Changes

   Spells                             Type                      Level
   a - Beastly Appendage              Transmutation                1
   b - Sticks to Snakes               Transmutation                2
   c - Spider Form                    Transmutation/Poison         3
   d - Ice Form                       Ice/Transmutation            4
   e - Blade Hands                    Transmutation                5
Comestibles
 d - 6 rations


   Skills:
 + Level 3.0 Fighting
 + Level 3.2 Dodging
 * Level 4.9 Unarmed Combat
 + Level 3.4 Spellcasting
 + Level 3.2 Transmutations


You had 6 spell levels left.
You knew the following spells:

 Your Spells              Type           Power        Failure   Level  Hunger
a - Beastly Appendage     Tmut           ##....       4%          1    None
b - Sticks to Snakes      Tmut           ##......     8%          2    ##.....
c - Spider Form           Tmut/Pois      #.........   28%         3    ###....


Dungeon Overview and Level Annotations

Branches:
Dungeon (4/15)
 Temple: D:4-7

Altars:
Ashenzari
Cheibriados
Nemelex Xobeh
Okawaru
Vehumet
The Shining One

Annotations:
D:3 inc's ghost, amateur OpFi
D:4 kae's ghost, amateur DsTm


Innate Abilities, Weirdness & Mutations

You have a pair of small antennae on your head.
You are mostly covered in molten scales. (AC +3)


Message History

The phantom hits you.
The phantom blinks!
You hit the phantom but do no damage.
The phantom is almost destroyed.
The phantom hits you!
* * * LOW HITPOINT WARNING * * *
You hit the phantom.
The phantom is almost destroyed.
The phantom hits you!
* * * LOW HITPOINT WARNING * * *
The phantom blinks!
You hit the phantom but do no damage.
The phantom is almost destroyed.
Your ball python barely misses the phantom.
The phantom hits you.
* * * LOW HITPOINT WARNING * * *
You barely miss the phantom. Your punch misses the phantom.
The phantom is almost destroyed.
Your ball python bites the phantom but does no damage.
The phantom hits you!
You die...

#.........#.###.#
#..#)..##.#.#....
#...............#
##..#........#...#
#.#.#.............
#...#..###.####...
#######.#.#..###.# #...
#..............# #...
#.#######@S....#.#.####...
#.(..†...W.....#..........
#.#######.###..# #........
#.# #..# ...#...† ...
..... ...#....
######..##### #..## #.#
.... #.#.. #.###


You could see a phantom and a friendly ball python.

Vanquished Creatures
  Sigmund (D:2)
  A big kobold (Sewer)
  A scorpion (D:4)
  2 orc priests (D:4)
  An orc wizard (D:3)
  An iguana (D:4)
  Terence (D:3)
  6 adders
  A river rat (Sewer)
  An ooze (D:2)
  A worm (D:2)
  2 dart slugs
  8 orcs
  13 bats
  6 giant cockroaches
  10 goblins
  5 hobgoblins
  6 jackals
  A quokka (D:2)
  6 ball pythons
  8 kobolds
  13 rats
95 creatures vanquished.

Vanquished Creatures (collateral kills)
  A ball python (D:2)
  A jackal (D:2)
2 creatures vanquished.

Grand Total: 97 creatures vanquished

Notes
Turn   | Place    | Note
-------+----------+-------------------------------------------
     0 | D:1      | kae the Demonspawn Transmuter began the quest for the Orb.
     0 | D:1      | Reached XP level 1. HP: 15/15 MP: 3/3
   344 | D:1      | Gained mutation: You are partially covered in molten scales. (AC +2) [demonic ancestry]
   344 | D:1      | Reached XP level 2. HP: 11/21 MP: 5/5
   672 | D:1      | Reached skill level 3 in Unarmed Combat
   896 | D:1      | Found a sparkling altar of Nemelex Xobeh.
  1497 | D:2      | Reached XP level 3. HP: 26/26 MP: 4/6
  1504 | D:2      | Learned a level 2 spell: Sticks to Snakes
  1508 | D:2      | Learned a level 3 spell: Spider Form
  1517 | D:2      | Found an iron altar of Okawaru.
  1778 | D:2      | Found a shattered altar of Ashenzari.
  1791 | D:2      | Found a snail-covered altar of Cheibriados.
  1862 | D:2      | Found a radiant altar of Vehumet.
  2057 | D:2      | Noticed Sigmund
  2070 | D:2      | Killed Sigmund
  2070 | D:2      | Reached skill level 4 in Unarmed Combat
  2070 | D:2      | Reached XP level 4. HP: 12/33 MP: 4/8
  2070 | D:2      | Gained mutation: You have a pair of small antennae on your head. [demonic ancestry]
  2070 | D:2      | Reached XP level 5. HP: 14/38 MP: 4/9
  2466 | D:2      | Found a glowing golden altar of the Shining One.
  2694 | D:3      | Found a glowing drain.
  2717 | Sewer    | Entered a sewer
  2746 | Sewer    | Gained mutation: You are mostly covered in molten scales. (AC +3) [demonic ancestry]
  2746 | Sewer    | Reached XP level 6. HP: 34/45 MP: 2/10
  3123 | Sewer    | Found a white marble altar of Elyvilon.
  3244 | D:3      | Noticed inc's ghost (amateur OpFi)
  3569 | D:3      | Found a faded altar of an unknown god.
  4264 | D:3      | Noticed Terence
  4274 | D:3      | Killed Terence
  4641 | D:4      | Noticed kae's ghost (amateur DsTm)
  4713 | D:4      | Reached XP level 7. HP: 22/51 MP: 7/12
  4925 | D:4      | Found a sparkling altar of Nemelex Xobeh.
  5129 | D:4      | Slain by a phantom

Skill      XL: |  1  2  3  4  5  6  7 |
---------------+----------------------+-----
Transmutations | 2 3 |  3.2
Unarmed Combat | 3 4 |  4.9
Dodging        | 2 3 |  3.2
Fighting       | 2 3 |  3.0
Spellcasting   | 3 |  3.4

Action                   |  1- 3 |  4- 6 |  7- 9 || total
-------------------------+-------+-------+-------++-------
Melee: Unarmed           |   175 |   159 |    31 ||   365
       Kick              |    15 |     7 |       ||    22
       Headbutt          |     4 |       |       ||     4
       Punch             |       |     2 |     1 ||     3
 Cast: Beastly Appendage |    17 |    10 |       ||    27
       Sticks to Snakes  |     3 |     1 |     1 ||     5
       Spider Form       |     1 |     8 |     1 ||    10
  Use: Potion            |     1 |       |       ||     1
       Scroll            |       |     9 |       ||     9
 Stab: Sleeping          |       |     2 |       ||     2
  Eat: Chunk             |     1 |    10 |       ||    11
       Ration            |     1 |       |       ||     1
Armor: Robe              |    88 |    46 |     3 ||   137
       Skin              |       |     2 |       ||     2
Dodge: Dodged            |   169 |   118 |    17 ||   304
